TOP OF THE 1ST |
Cincinnati (NYP) Reds batting - Pitching for Tri-City Dust Devils : RHP Jared Van Heel
|
Pitching: RHP Jared Van Heel
|
|
Batting: SHB Bryan Johnston
|
0-0: Swinging Strike 0-1: Ball 1-1: Ball 2-1: Ball 3-1: Foul Ball, location: 2F 3-2: Base on Balls
|
Batting: LHB Fernando Gomez
|
0-0: Called Strike 0-1: Swinging Strike 0-2: Ball 1-2: Ball 2-2: Foul Ball, location: 2F 2-2: Ball 3-2: Foul Ball, location: 2F 3-2: Base on Balls Bryan Johnston to second
|
Batting: RHB Ricky Carbajal
|
0-0: Called Strike 0-1: Ball 1-1: Swinging Strike 1-2: Ball 2-2: Foul Ball, location: 2F 2-2: Strikes out swinging
|
Batting: RHB Jamie Ingram
|
0-0: Grounds into double play, 3-6-3 (Groundball, 34S, EV 88.8 MPH)
|
Top of the 1st over - 0 runs, 0 hits, 0 errors, 1 left on base; Cincinnati (NYP) 0 - Tri-City 0 |
BOTTOM OF THE 1ST |
Tri-City Dust Devils batting - Pitching for Cincinnati (NYP) Reds : LHP Juan Garcia
|
Pitching: LHP Juan Garcia
|
|
Batting: RHB Jeremy Mercer
|
0-0: Ball 1-0: Foul Ball, location: 2F 1-1: Ball 2-1: Ground out 4-3 (Groundball, 4, EV 86.2 MPH)
|
Batting: SHB Ryan Brown
|
0-0: Ball 1-0: Ball 2-0: Ground out 6-3 (Groundball, 56D, EV 106.9 MPH)
|
Batting: RHB Hector Fernandez
|
0-0: Ball 1-0: Foul Ball, location: 2F 1-1: Swinging Strike 1-2: Ball 2-2: Ground out 6-3 (Groundball, 56, EV 100.6 MPH)
|
Bottom of the 1st over - 0 runs, 0 hits, 0 errors, 0 left on base; Cincinnati (NYP) 0 - Tri-City 0 |
TOP OF THE 2ND |
Cincinnati (NYP) Reds batting - Pitching for Tri-City Dust Devils : RHP Jared Van Heel
|
Batting: RHB Kagetoki Kawai
|
0-0: Foul Ball, location: 2F 0-1: Ground out 6-3 (Groundball, 56, EV 83.1 MPH)
|
Batting: RHB Felipe Pineda
|
0-0: Foul Ball, location: 2F 0-1: Ball 1-1: Ball 2-1: Ground out 6-3 (Groundball, 6, EV 98.1 MPH)
|
Batting: RHB Alex Cruz
|
0-0: Ball 1-0: Foul Ball, location: 2F 1-1: SINGLE (Groundball, 34, EV 97.5 MPH)
|
Batting: LHB Marty Hafner
|
0-0: Called Strike 0-1: Reached on error, E3 (Groundball, 3L, EV 105.0 MPH) Alex Cruz to second
|
Batting: RHB Chae-seong Lee
|
0-0: Ball 1-0: Called Strike 1-1: Foul Ball, location: 2F 1-2: Foul Ball, location: 2F 1-2: Fly out, F9 (Flyball, 89M, EV 78.8 MPH)
|
Top of the 2nd over - 0 runs, 1 hit, 1 error, 2 left on base; Cincinnati (NYP) 0 - Tri-City 0 |
BOTTOM OF THE 2ND |
Tri-City Dust Devils batting - Pitching for Cincinnati (NYP) Reds : LHP Juan Garcia
|
Batting: LHB Frank McConnell
|
0-0: Foul Ball, location: 2F 0-1: Swinging Strike 0-2: Ball 1-2: Ball 2-2: Ball 3-2: Ground out 5-3 (Groundball, 56, EV 88.1 MPH)
|
Batting: RHB Jaden Scott
|
0-0: Ball 1-0: Foul Ball, location: 2F 1-1: SOLO HOME RUN (Flyball, 7D, EV 95.0 MPH), Distance : 359 ft
|
Batting: RHB Joe Weissman
|
0-0: Ball 1-0: Called Strike 1-1: Called Strike 1-2: Ball 2-2: Foul Ball, location: 2F 2-2: Foul Ball, location: 2F 2-2: Foul Ball, location: 2F 2-2: Ground out 5-3 (Groundball, 5L, EV 85.0 MPH)
|
Batting: RHB Bryan Pitcher
|
0-0: Ball 1-0: Foul Ball, location: 2F 1-1: Ball 2-1: Ball 3-1: Base on Balls
|
Batting: RHB Ruben Luis
|
0-0: Ball 1-0: Ball 2-0: Ground out U3 (Groundball, 3, EV 104.4 MPH)
|
Bottom of the 2nd over - 1 run, 1 hit, 0 errors, 1 left on base; Cincinnati (NYP) 0 - Tri-City 1 |
TOP OF THE 3RD |
Cincinnati (NYP) Reds batting - Pitching for Tri-City Dust Devils : RHP Jared Van Heel
|
Batting: SHB Bryan Johnston
|
0-0: Ground out 4-3 (Groundball, 4, EV 86.9 MPH)
|
Batting: LHB Fernando Gomez
|
0-0: Foul Ball, location: 2F 0-1: SINGLE (Groundball, 4M, EV 101.2 MPH) (infield hit)
|
Batting: RHB Ricky Carbajal
|
0-0: Called Strike 0-1: Ball 1-1: Fielders Choice at 2nd, 4-6 (Groundball, 4, EV 92.5 MPH)
|
Batting: RHB Jamie Ingram
|
0-0: Called Strike 0-1: Ball 1-1: Ball 2-1: Foul Ball, location: 2F 2-2: Ball Ricky Carbajal steals 2nd base (no throw) 3-2: DOUBLE (Groundball, 5L, EV 97.5 MPH) Ricky Carbajal scores
|
Batting: RHB Kagetoki Kawai
|
0-0: Called Strike 0-1: Fly out, F4 (Popup, 4M, EV 69.4 MPH)
|
Top of the 3rd over - 1 run, 2 hits, 0 errors, 1 left on base; Cincinnati (NYP) 1 - Tri-City 1 |
BOTTOM OF THE 3RD |
Tri-City Dust Devils batting - Pitching for Cincinnati (NYP) Reds : LHP Juan Garcia
|
Batting: RHB Ron Major
|
0-0: Foul Ball, location: 2F 0-1: Ground out 1-3 (Groundball, 13, EV 68.8 MPH)
|
Batting: RHB Jeremy Mercer
|
0-0: SINGLE (Line Drive, 6M, EV 95.0 MPH)
|
Batting: SHB Ryan Brown
|
0-0: Ball 1-0: Ball 2-0: DOUBLE (Line Drive, 7LS, EV 109.4 MPH) Jeremy Mercer to third
|
Batting: RHB Hector Fernandez
|
0-0: Ball 1-0: Called Strike 1-1: Ball 2-1: Foul Ball, location: 2F 2-2: Ball 3-2: Base on Balls
|
Batting: LHB Frank McConnell
|
0-0: SINGLE (Line Drive, 9S, EV 100.0 MPH) Jeremy Mercer scores Ryan Brown to third Hector Fernandez to second
|
Batting: RHB Jaden Scott
|
0-0: Ball 1-0: Called Strike 1-1: Foul Ball, location: 2F 1-2: Ball 2-2: Strikes out swinging
|
Batting: RHB Joe Weissman
|
0-0: Called Strike 0-1: Ball 1-1: Ball 2-1: Foul Ball, location: 2F 2-2: Foul Ball, location: 2F 2-2: Foul Ball, location: 2F 2-2: Ball 3-2: Base on Balls Ryan Brown scores Hector Fernandez to third Frank McConnell to second
|
Batting: RHB Bryan Pitcher
|
0-0: Ball 1-0: SINGLE (Groundball, 6MD, EV 96.9 MPH) Hector Fernandez scores Frank McConnell to third Joe Weissman to second Runner from 3rd tries for Home, SAFE, throw by CF to home
|
Batting: RHB Ruben Luis
|
0-0: Ball 1-0: Called Strike 1-1: Ball 2-1: Ball 3-1: Base on Balls Joe Weissman to third Bryan Pitcher to second
|
Batting: RHB Ron Major
|
0-0: Swinging Strike 0-1: Swinging Strike 0-2: Strikes out looking
|
Bottom of the 3rd over - 4 runs, 4 hits, 0 errors, 3 left on base; Cincinnati (NYP) 1 - Tri-City 5 |
TOP OF THE 4TH |
Cincinnati (NYP) Reds batting - Pitching for Tri-City Dust Devils : RHP Jared Van Heel
|
Batting: RHB Felipe Pineda
|
0-0: Called Strike 0-1: Ball 1-1: Swinging Strike 1-2: Strikes out swinging
|
Batting: RHB Alex Cruz
|
0-0: Ground out 5-3 (Groundball, 5S, EV 66.9 MPH)
|
Batting: LHB Marty Hafner
|
0-0: Ball 1-0: Ball 2-0: Called Strike 2-1: Foul Ball, location: 2F 2-2: Strikes out swinging
|
Top of the 4th over - 0 runs, 0 hits, 0 errors, 0 left on base; Cincinnati (NYP) 1 - Tri-City 5 |
BOTTOM OF THE 4TH |
Tri-City Dust Devils batting - Pitching for Cincinnati (NYP) Reds : LHP Juan Garcia
|
Batting: RHB Jeremy Mercer
|
0-0: Ground out 3-1 (Groundball, 34, EV 80.0 MPH)
|
Batting: SHB Ryan Brown
|
0-0: Ball 1-0: Ball 2-0: Fly out, F3 (Flyball, 3D, EV 80.6 MPH)
|
Batting: RHB Hector Fernandez
|
0-0: Ground out 4-3 (Groundball, 4M, EV 97.5 MPH)
|
Bottom of the 4th over - 0 runs, 0 hits, 0 errors, 0 left on base; Cincinnati (NYP) 1 - Tri-City 5 |
TOP OF THE 5TH |
Cincinnati (NYP) Reds batting - Pitching for Tri-City Dust Devils : RHP Jared Van Heel
|
Batting: RHB Chae-seong Lee
|
0-0: Ball 1-0: Ball 2-0: Foul Ball, location: 2F 2-1: Ground out 5-3 (Groundball, 56S, EV 73.1 MPH)
|
Batting: SHB Bryan Johnston
|
0-0: Ball 1-0: Ball 2-0: Foul Ball, location: 2F 2-1: Foul Ball, location: 2F 2-2: Foul Ball, location: 2F 2-2: Foul Ball, location: 2F 2-2: Ground out 4-3 (Groundball, 4, EV 85.6 MPH)
|
Batting: LHB Fernando Gomez
|
0-0: Foul Ball, location: 2F 0-1: Ball 1-1: Ball 2-1: Ball 3-1: Base on Balls
|
Batting: RHB Ricky Carbajal
|
0-0: Called Strike 0-1: DOUBLE (Flyball, 8LXD, EV 115.6 MPH) Fernando Gomez to third Runner from 3rd tries for Home, SAFE, throw by CF to home
|
Batting: RHB Jamie Ingram
|
0-0: Ball 1-0: Ground out 5-3 (Groundball, 56S, EV 67.5 MPH)
|
Top of the 5th over - 1 run, 1 hit, 0 errors, 1 left on base; Cincinnati (NYP) 2 - Tri-City 5 |
BOTTOM OF THE 5TH |
Tri-City Dust Devils batting - Pitching for Cincinnati (NYP) Reds : LHP Juan Garcia
|
Pitching: RHP Matt Knowles
|
|
Batting: LHB Frank McConnell
|
0-0: Called Strike 0-1: Ball 1-1: Swinging Strike 1-2: Strikes out swinging
|
Batting: RHB Jaden Scott
|
0-0: Foul Ball, location: 2F 0-1: Foul Ball, location: 2F 0-2: Ball 1-2: SINGLE (Groundball, 56, EV 100.0 MPH) (infield hit)
|
Batting: RHB Joe Weissman
|
0-0: Ball 1-0: Called Strike 1-1: Called Strike Jaden Scott steals 2nd base 1-2: Ball 2-2: Ball 3-2: Base on Balls
|
Batting: RHB Bryan Pitcher
|
0-0: Called Strike 0-1: Ball 1-1: Ball 2-1: Fly out, F2 (Popup, 23F, EV 83.8 MPH)
|
Batting: RHB Ruben Luis
|
0-0: Ball Wild Pitch! Jaden Scott to third Joe Weissman to second 1-0: Ball 2-0: Ball 3-0: Called Strike 3-1: Ground out 5-3 (Groundball, 56, EV 95.0 MPH)
|
Bottom of the 5th over - 0 runs, 1 hit, 0 errors, 2 left on base; Cincinnati (NYP) 2 - Tri-City 5 |
TOP OF THE 6TH |
Cincinnati (NYP) Reds batting - Pitching for Tri-City Dust Devils : RHP Jared Van Heel
|
Pitching: RHP Brian McDaniel
|
|
Batting: RHB Kagetoki Kawai
|
0-0: Foul Ball, location: 2F 0-1: Ball 1-1: Ball 2-1: Ground out 6-3 (Groundball, 56, EV 98.1 MPH)
|
Batting: RHB Felipe Pineda
|
0-0: Called Strike 0-1: SINGLE (Groundball, 6D, EV 105.6 MPH)
|
Batting: RHB Alex Cruz
|
0-0: Ball 1-0: Ball 2-0: Swinging Strike 2-1: Swinging Strike 2-2: Foul Ball, location: 2F 2-2: Foul Ball, location: 2F 2-2: Strikes out swinging
|
Batting: LHB Marty Hafner
|
0-0: Ball Felipe Pineda steals 2nd base 1-0: Ground out 5-3 (Groundball, 5, EV 80.6 MPH)
|
Top of the 6th over - 0 runs, 1 hit, 0 errors, 1 left on base; Cincinnati (NYP) 2 - Tri-City 5 |
BOTTOM OF THE 6TH |
Tri-City Dust Devils batting - Pitching for Cincinnati (NYP) Reds : RHP Matt Knowles
|
Batting: RHB Ron Major
|
0-0: Ball 1-0: Ground out 6-3 (Groundball, 56, EV 104.4 MPH)
|
Batting: RHB Jeremy Mercer
|
0-0: Ball 1-0: Swinging Strike 1-1: SINGLE (Line Drive, 7S, EV 95.0 MPH)
|
Batting: SHB Ryan Brown
|
0-0: Ball 1-0: Ball 2-0: Ball 3-0: Fielders Choice at 2nd, 6-4 (Groundball, 6, EV 80.6 MPH)
|
Batting: RHB Hector Fernandez
|
0-0: Ball 1-0: Called Strike 1-1: Ball 2-1: Called Strike 2-2: Foul Ball, location: 2F 2-2: Fly out, F8 (Flyball, 8RXD, EV 110.6 MPH)
|
Bottom of the 6th over - 0 runs, 1 hit, 0 errors, 1 left on base; Cincinnati (NYP) 2 - Tri-City 5 |
TOP OF THE 7TH |
Cincinnati (NYP) Reds batting - Pitching for Tri-City Dust Devils : RHP Brian McDaniel
|
Pitching: RHP Eric Teixeira
|
|
Batting: RHB Chae-seong Lee
|
0-0: Ball 1-0: Ball 2-0: Called Strike 2-1: Called Strike 2-2: Strikes out looking
|
Batting: SHB Bryan Johnston
|
0-0: Foul Ball, location: 2F 0-1: Ball 1-1: Foul Ball, location: 2F 1-2: Strikes out swinging
|
Batting: LHB Fernando Gomez
|
0-0: Ball 1-0: Ground out U3 (Groundball, 3, EV 110.0 MPH)
|
Top of the 7th over - 0 runs, 0 hits, 0 errors, 0 left on base; Cincinnati (NYP) 2 - Tri-City 5 |
BOTTOM OF THE 7TH |
Tri-City Dust Devils batting - Pitching for Cincinnati (NYP) Reds : RHP Matt Knowles
|
Pitching: LHP Jin Zhui
|
|
Batting: LHB Frank McConnell
|
0-0: Swinging Strike 0-1: Swinging Strike 0-2: Strikes out swinging
|
Batting: RHB Jaden Scott
|
0-0: Ball 1-0: Ball 2-0: Ball 3-0: Base on Balls
|
Batting: RHB Joe Weissman
|
0-0: Ball 1-0: Called Strike Jaden Scott steals 2nd base 1-1: Swinging Strike 1-2: Ground out 6-3 (Groundball, 6M, EV 96.9 MPH) Jaden Scott to third
|
Batting: RHB Bryan Pitcher
|
0-0: Called Strike 0-1: Ball 1-1: Foul Ball, location: 2F 1-2: Ball 2-2: Strikes out swinging
|
Bottom of the 7th over - 0 runs, 0 hits, 0 errors, 1 left on base; Cincinnati (NYP) 2 - Tri-City 5 |
TOP OF THE 8TH |
Cincinnati (NYP) Reds batting - Pitching for Tri-City Dust Devils : RHP Eric Teixeira
|
Batting: RHB Ricky Carbajal
|
0-0: Ground out 5-3 (Groundball, 56, EV 100.6 MPH)
|
Batting: RHB Jamie Ingram
|
0-0: Ball 1-0: SINGLE (Groundball, 34D, EV 95.6 MPH)
|
Batting: RHB Kagetoki Kawai
|
0-0: Fly out, F9 (Flyball, 89M, EV 95.6 MPH)
|
Batting: RHB Felipe Pineda
|
0-0: Foul Ball, location: 2F 0-1: Swinging Strike 0-2: Strikes out looking
|
Top of the 8th over - 0 runs, 1 hit, 0 errors, 1 left on base; Cincinnati (NYP) 2 - Tri-City 5 |
BOTTOM OF THE 8TH |
Tri-City Dust Devils batting - Pitching for Cincinnati (NYP) Reds : LHP Jin Zhui
|
Batting: RHB Ruben Luis
|
0-0: Ball 1-0: Foul Ball, location: 2F 1-1: Foul Ball, location: 2F 1-2: Ball 2-2: Strikes out swinging
|
Batting: RHB Ron Major
|
0-0: Ball 1-0: Foul Ball, location: 2F 1-1: Ball 2-1: Called Strike 2-2: Foul Ball, location: 2F 2-2: SINGLE (Groundball, 6MD, EV 103.1 MPH)
|
Batting: RHB Jeremy Mercer
|
0-0: Ball 1-0: Called Strike 1-1: Foul Ball, location: 2F 1-2: Ball 2-2: Ball 3-2: Foul Ball, location: 2F 3-2: Foul Ball, location: 2F 3-2: Foul Ball, location: 2F 3-2: Fielders Choice at 2nd, 3-6 (Groundball, 3D, EV 92.5 MPH)
|
Pitching: RHP Markus Bevan
|
|
Batting: SHB Ryan Brown
|
0-0: Called Strike Jeremy Mercer steals 2nd base 0-1: Ball 1-1: Fly out, F3 (Flyball, 3D, EV 90.6 MPH)
|
Bottom of the 8th over - 0 runs, 1 hit, 0 errors, 1 left on base; Cincinnati (NYP) 2 - Tri-City 5 |
TOP OF THE 9TH |
Cincinnati (NYP) Reds batting - Pitching for Tri-City Dust Devils : RHP Eric Teixeira
|
Pitching: RHP Angelo Radford
|
|
Batting: RHB Alex Cruz
|
0-0: Called Strike 0-1: Ball 1-1: Foul Ball, location: 2F 1-2: Strikes out swinging
|
Batting: LHB Marty Hafner
|
0-0: Called Strike 0-1: Swinging Strike 0-2: Strikes out swinging
|
Batting: RHB Chae-seong Lee
|
0-0: Called Strike 0-1: Foul Ball, location: 2F 0-2: Ground out 6-3 (Groundball, 6, EV 82.5 MPH)
|
Top of the 9th over - 0 runs, 0 hits, 0 errors, 0 left on base; Cincinnati (NYP) 2 - Tri-City 5 |
|